 Dungeon Crawl Stone Soup version 0.29.1-15-g9cfb28693d (webtiles) character file.

Game seed: 9066115929593276137

30 hawla the Chiller (level 3, -1/26 HPs)
             Began as a Meteoran Ice Elementalist on Apr 11, 2023.
             Killed from afar by a dart slug (4 damage)
             ... with a slug dart
             ... on level 2 of the Dungeon.
             The game lasted 00:01:57 (147 turns).

hawla the Chiller (Meteoran Ice Elementalist)        Turns: 147, Time: 00:01:58

Health: -1/26      AC:  2    Str: 10    XL:     3   Next: 55%
Magic:  2/8        EV: 12    Int: 18    God:
Gold:   18         SH:  0    Dex: 14    Spells: 7/8 levels left

rFire   . . .      SeeInvis .   (no weapon)
rCold   . . .      Faith    .   (no shield)
rNeg    . . .      Spirit   .   a - +0 robe
rPois   .          Reflect  .   (no helmet)
rElec   .          Harm     .   (no cloak)
rCorr   .          Rampage  .   (no gloves)
Will    .....                   (no boots)
Stlth   +.........              (no amulet)
HPRegen 0.08/turn               (no ring)
MPRegen 0.11/turn               (no ring)

@: glowing
A: sense surroundings 1, otherworldly, glowing, explore regen
a: no special abilities


You were on level 2 of the Dungeon.
You visited 1 branch of the dungeon, and saw 2 of its levels.

You collected 18 gold pieces.

Inventory:

Armour
 a - a +0 robe (worn)
Scrolls
 f - a scroll of teleportation {unknown}
Potions
 d - a potion of mutation
 e - a potion of berserk rage {unknown}


   Skills:
 + Level 2.5 Dodging
 - Level 1.4 Stealth
 + Level 3.0 Spellcasting
 + Level 5.3 Ice Magic


You had 7 spell levels left.
You knew the following spells:

 Your Spells              Type           Power      Damage    Failure   Level
a - Freeze                Ice            84%        1d10      1%          1

Your spell library contained the following spells:

 Spells                   Type           Power      Damage    Failure   Level
 Frozen Ramparts          Ice            42%        1d7       5%          3
 Ozocubu's Armour         Ice            21%        N/A       5%          3
 Hailstorm                Conj/Ice       12%        3d5       47%         4


Dungeon Overview and Level Annotations

Branches:
Dungeon (2/15) Zot: 1052

Altars:


Innate Abilities, Weirdness & Mutations

You passively map a small area around you.
You are easily found by Zot.
You glow in the dark.
You regain HP and MP as you explore.


Message History

Aim: a kobold, wielding a +0 dagger and quivering stones (moderately wounded)
You freeze the kobold.
You kill the kobold!
The dart slug launches a dart at you. The slug dart hits you.
As you read the scroll labelled TEHEWI TABA, it crumbles to dust.
It is a scroll of identify.
d - a potion of mutation The quokka bites you.
As you read the scroll labelled KITACKUPOG, it crumbles to dust.
It is a scroll of amnesia.
Really abort (and waste the scroll)?
Okay, then.
The quokka bites you. The dart slug launches a dart at you.
The slug dart hits you.
* * * LOW HITPOINT WARNING * * *
The quokka barely misses you.
Unknown command.
Casting: Freeze (safe; 1% risk of failure)
Confirm with . or Enter, or press ? or * to list all spells.
Aiming: Freeze (safe; 1% risk of failure)
Press: ? - help, Shift-Dir - straight line, f - quokka
Aim: a quokka You freeze the quokka!
You kill the quokka!
Unknown command.
You hit the dart slug but do no damage. The dart slug closely misses you.
Casting: Freeze (safe; 1% risk of failure)
Confirm with . or Enter, or press ? or * to list all spells.
Aiming: Freeze (safe; 1% risk of failure)
Press: ? - help, Shift-Dir - straight line, f - worm
Aim: a worm You freeze the worm!
The worm is heavily wounded.
The worm bites you.
* * * LOW HITPOINT WARNING * * *
The dart slug launches a dart at you. The slug dart hits you.
You die...

, , ..........# ,
###.#.....# , * *
#.#.....# **, * *
#.#.#.###.## ..
#....†......[
....###..)##.#.....
#.<..)l...........
#.####w.....#.....
, #....@..........
, #.##.w###.####..
, # #..# .# #..# *
# * ,...# , * .....
, ** , * .##.. , *
, * #. ### *


You could see a worm, a dart slug and a frilled lizard.

Vanquished Creatures
  2 adders (D:2)
  A ball python (D:2)
  A giant cockroach (D:1)
  A goblin (D:2)
  A hobgoblin (D:1)
  2 quokkas
  A frilled lizard (D:1)
  2 kobolds
  A rat (D:2)
12 creatures vanquished.

Notes
Turn   | Place    | Note
-------+----------+-------------------------------------------
     0 | D:1      | hawla the Meteoran Ice Elementalist began the quest for the
                  | Orb.
     0 | D:1      | Reached XP level 1. HP: 14/14 MP: 5/5
   107 | D:1      | Reached XP level 2. HP: 4/20 MP: 1/6
   128 | D:2      | Reached skill level 5 in Ice Magic
   130 | D:2      | Reached XP level 3. HP: 16/26 MP: 6/8
   147 | D:2      | Killed from afar by a dart slug

Illustrated notes

Levels and vault maps discovered:
D:1:      lightli_arrival_statuegarden, layout_loops_ring
D:2:      layout_loops_ring, serial_shops, nicolae_shop_crystal, shop

Skill      XL: |  1  2  3 |
---------------+----------+-----
Ice Magic      | 5 |  5.3
Spellcasting   | 3 |  3.0
Dodging        | |  2.5
Stealth        | |  1.4

Action                   || total
-------------------------++-------
Melee: Unarmed           ||     6
 Cast: Freeze            ||    21
  Use: Potion            ||     1
       Scroll            ||     2
Armor: Robe              ||     3
Dodge: Dodged            ||    11
